 Dungeon Crawl Stone Soup version 0.31.0-9-g3a7656b989 (webtiles) character file.

Game seed: 2915148873855626087

131 qw the Shooter (level 4, -1/22 HPs)
             Began as a Spriggan Hunter on Feb 2, 2024.
             Slain by an adder (3 damage)
             ... on level 2 of the Dungeon.
             The game lasted 00:00:02 (932 turns).

qw the Shooter (Spriggan Hunter)                     Turns: 932, Time: 00:00:03

Health: -1/22      AC:  2    Str:  7    XL:     4   Next: 91%
Magic:  5/5        EV: 19    Int: 10    God:
Gold:   104        SH:  0    Dex: 20    Spells: 3/3 levels left

rFire   . . .        a - +1 shortbow
rCold   . . .        (shield currently unavailable)
rNeg    . . .        c - +0 robe
rPois   .            (helmet restricted)
rElec   .            (no cloak)
rCorr   .            (gloves unavailable)
SInv    +            (boots unavailable)
Will    .....        (no amulet)
Stlth   ++           (no ring)
HPRegen 0.23/turn    (no ring)
MPRegen 0.09/turn

%: no passive effects
@: very quick
A: very small, no large weapons, unfitting armour, see invisible, speed 3
a: no special abilities


You were on level 2 of the Dungeon.
You visited 1 branch of the dungeon, and saw 2 of its levels.

You collected 104 gold pieces.


Innate Abilities, Weirdness & Mutations

You are very small and have problems with some larger weapons.
You are too small for most types of armour.
You have supernaturally acute eyesight. (SInv)
You cover ground extremely quickly. (Speed+++)


   Skills:
 - Level 1.5 Fighting
 - Level 5.8 Ranged Weapons
 + Level 4.0 Dodging
 - Level 1.5 Stealth


You had 3 spell levels left.
You didn't know any spells.
Your spell library was empty.

Inventory:

Hand Weapons
 a - a +1 shortbow (weapon)
Armour
 c - a +0 robe (worn)
Scrolls
 i - 2 scrolls of identify {unknown}
Potions
 b - a potion of enlightenment {unknown}
 d - a potion of ambrosia {unknown}
 e - a potion of degeneration {unknown}
 f - 3 potions of curing {unknown}
 g - a potion of mutation {unknown}
 h - a potion of heal wounds {unknown}

Dungeon Overview and Level Annotations

Branches:
Dungeon (2/15)

Altars:
Ashenzari


Message History

The black bear barely misses you.
You shoot an arrow.
The arrow hits the black bear but does no damage.
The black bear is heavily wounded.
The black bear barely misses you. The black bear completely misses you.
The black bear closely misses you.
You shoot an arrow. The arrow hits the black bear.
The black bear is severely wounded.
The black bear completely misses you. x2; The black bear misses you.
You shoot an arrow.
The arrow hits the black bear but does no damage.
The black bear is severely wounded.
The black bear bites you. The black bear completely misses you.
The black bear closely misses you.
You shoot an arrow. The arrow hits the black bear.
The black bear is severely wounded.
The black bear closely misses you.
The black bear completely misses you. x2
You shoot an arrow.
The arrow hits the black bear but does no damage.
The black bear is severely wounded.
The black bear goes berserk!
You shoot an arrow. The arrow hits the black bear!
The black bear is almost dead.
The black bear misses you. The black bear claws you.
The black bear closely misses you. The black bear bites you.
The black bear closely misses you. The black bear claws you!
You shoot an arrow. The arrow hits the black bear.
You kill the black bear!
The adder misses you.
Your Ranged Weapons skill increases to level 5!
You have reached level 4!
You shoot an arrow.
The arrow hits the adder but does no damage.
The adder bites you but does no damage.
You shoot an arrow.
The arrow hits the adder but does no damage.
The adder completely misses you.
You shoot an arrow. The arrow misses the adder.
The adder misses you. The adder bites you.
You die...

#.# ####.# #.# ###.###
###.# ##.#.##. ###
.##.#####....... ....
.##>.......###.. ..... ###
.#########.# ##.
.....##.....# ##.## ##
........##..# #...# #
........S@..# #...#
...###.###.### #...#
#.......# #...####
#.###.#.# #.......
#.###.#.#####...####
...####.....#%............
.................)........
...####)##.##.............
#.......#####...####


You could see an adder.

Vanquished Creatures
  A black bear (D:2)
  2 dart slugs
  A ribbon worm (D:2)
  2 bats (D:1)
  3 endoplasms
  2 giant cockroaches
  4 hobgoblins
  3 jackals (D:2)
  2 ball pythons
  5 goblins
  2 kobolds
  2 rats (D:1)
29 creatures vanquished.

Notes
Turn   | Place    | Note
-------+----------+-------------------------------------------
     0 | D:1      | qw the Spriggan Hunter began the quest for the Orb.
     0 | D:1      | Reached XP level 1. HP: 10/10 MP: 2/2
     0 | D:1      | 0 ||| qw: Version: 0.3-a-155-g5e7d8dd
     0 | D:1      | 0 ||| qw: Game counter: 2250
     0 | D:1      | 0 ||| qw: Melee chars always use a shield: true
     0 | D:1      | 0 ||| qw: God list: Okawaru
     0 | D:1      | 0 ||| qw: Allow faded altars: false
     0 | D:1      | 0 ||| qw: Do Orc after clearing Dungeon:15 true
     0 | D:1      | 0 ||| qw: Do second Lair branch before Depths: true
     0 | D:1      | 0 ||| qw: Lair rune preference: random
     0 | D:1      | 0 ||| qw: Goals: Normal
     0 | D:1      | 0 ||| PLANNING D:1-11
    62 | D:1      | Reached skill level 3 in Dodging
    87 | D:1      | Found a faded altar of an unknown god.
   360 | D:1      | Reached XP level 2. HP: 14/14 MP: 3/3
   573 | D:1      | 573 ||| READING scroll labelled XAUWUSIXKI.
   573 | D:1      | 573 ||| ENCHANTING +0 shortbow.
   574 | D:1      | 574 ||| DROPPING scroll of butterflies.
   680 | D:2      | Found a broken altar of Ashenzari.
   787 | D:2      | Reached XP level 3. HP: 18/18 MP: 4/4
   913 | D:2      | Noticed a black bear
   917 | D:2      | 917 ||| RETREEEEATING.
   919 | D:2      | 919 ||| RETREEEEATING.
   928 | D:2      | HP: 1/18 [black bear (7)]
   929 | D:2      | Killed a black bear
   930 | D:2      | Reached skill level 5 in Ranged Weapons
   930 | D:2      | Reached XP level 4. HP: 1/22 MP: 5/5
   932 | D:2      | Slain by an adder

Levels and vault maps discovered:
D:1:      minmay_arrival_doors, layout_basic, shapermc_ecumenical_altar_gd
D:2:      layout_loops_cross, basic_altar

Skill      XL: |  1  2  3 |
---------------+----------+-----
Dodging        | 3 4 |  4.0
Ranged Weapons | 5 |  5.8
Fighting       | |  1.5
Stealth        | |  1.5

Action                     |  1- 3 |  4- 6 || total
---------------------------+-------+-------++-------
   Fire: Shortbow          |    85 |     3 ||    88
    Use: Scroll            |     1 |       ||     1
 Armour: Robe              |    10 |     2 ||    12
  Dodge: Dodged            |    42 |     2 ||    44

Table legend:
 A = Non-vault XP
 B = Vault XP
 C = Vault XP percentage of total XP
 D = Non-vault monster count
 E = Vault monster count
 F = Vault count percentage of total count
                 A         B        C        D         E       F
            +---------+---------+-------+---------+---------+-------
      Total |     188 |       0 |   0.0 |      29 |       0 |   0.0
            +---------+---------+-------+---------+---------+-------
        D:1 |      20 |       0 |   0.0 |      12 |       0 |   0.0
        D:2 |     168 |       0 |   0.0 |      17 |       0 |   0.0
            +---------+---------+-------+---------+---------+-------
